 Dungeon Crawl Stone Soup version 0.21.1-1-g345015f (webtiles) character file.

88 Monsterracer the Insei (level 4, -2/31 HPs)
             Began as an Octopode Chaos Knight on Feb 13, 2018.
             Slain by an ufetubus (4 damage)
             ... summoned by Xom
             ... on level 2 of the Dungeon.
             The game lasted 00:04:46 (1773 turns).

Monsterracer the Insei (Octopode Chaos Knight)      Turns: 1773, Time: 00:04:47

Health: -2/31      AC:  1    Str: 11    XL:     4   Next: 53%
Magic:  4/4        EV: 19    Int: 14    God:    Xom [...*..]
Gold:   18         SH:  0    Dex: 17    Spells: 3/3 levels left

rFire    . . .     SeeInvis .     - Unarmed
rCold    . . .     Gourm    .   (no shield)
rNeg     . . .     Faith    .   (helmet restricted)
rPois    .         Spirit   .   (no amulet)
rElec    .         Reflect  .   (no ring)
rCorr    .         Harm     .   (no ring)
MR       .....                  (no ring)
Stlth    ++++......             (no ring)
HPRegen  0.10/turn              (no ring)
MPRegen  0.09/turn              (no ring)
                                (no ring)
                                (no ring)

@: agile
A: almost no armour, stealthy swim, amphibious, 8 rings, constrict 8, camouflage
1, screaming 1, gelatinous body 1
a: Renounce Religion


You were on level 2 of the Dungeon.
You worshipped Xom.
You were a favourite toy of Xom.
You were not hungry.

You visited 1 branch of the dungeon, and saw 2 of its levels.

You collected 18 gold pieces.

Inventory:

Scrolls
 a - a scroll of remove curse
 i - a scroll of immolation {!r}
Potions
 d - a potion of agility
 g - 2 potions of curing
 j - a potion of lignification {unknown}
 l - a potion of mutation {unknown}
Comestibles
 c - 4 rations


   Skills:
 + Level 3.5 Fighting
 + Level 3.0 Dodging
 + Level 2.3 Stealth
 * Level 4.0 Unarmed Combat


You had 3 spell levels left.
You didn't know any spells.

Dungeon Overview and Level Annotations

Branches:
Dungeon (2/15)

Altars:
Ru
Xom


Innate Abilities, Weirdness & Mutations

You cannot wear most types of armour.
You are very stealthy in the water. (Stealth+)
You are amphibious.
You can wear up to eight rings at the same time.
You can use your tentacles to constrict eight enemies at once.
Your skin changes colour to match your surroundings (Stealth+).
Your rubbery body absorbs attacks. (AC +1, EV +1)
You occasionally shout uncontrollably at your foes.


Message History

You kill the leopard gecko!
The goblin barely misses you.
A hobgoblin comes into view. It is wielding a club.
The hobgoblin shouts!
You tentacle-slap the rat but do no damage.
Your grab misses the rat. The rat bites you but does no damage.
The kobold barely misses you.
You tentacle-slap the goblin. Your grab misses the goblin.
The goblin is moderately wounded.
The leopard gecko hisses menacingly.
The rat completely misses you. The kobold hits you with a dagger.
The goblin hits you with a club. The goblin misses you.
You take 3 damage, and have 23/31 hp.
You closely miss the goblin. Your grab misses the goblin.
The goblin is moderately wounded.
The rat bites you but does no damage. The kobold barely misses you.
The goblin barely misses you. The goblin hits you.
You take 2 damage, and have 21/31 hp.
You closely miss the goblin. Your grab misses the goblin.
The goblin is moderately wounded.
The rat barely misses you. The kobold hits you with a dagger.
You take 2 damage, and have 19/31 hp.
You barely miss the goblin. Your grab misses the goblin.
The goblin is moderately wounded.
The goblin hits you but does no damage. x2; The rat barely misses you.
The kobold misses you.
You tentacle-slap the goblin.
You kill the goblin!
Your Dodging skill increases to level 3!
The goblin barely misses you. The rat closely misses you.
The kobold hits you with a dagger.
You take 2 damage, and have 17/31 hp.
The goblin completely misses you.
You see here a club.
You miss the goblin. Your grab misses the goblin. The goblin hits you.
* * * LOW HITPOINT WARNING * * *
You take 2 damage, and have 15/31 hp.
You miss the goblin. Your grab misses the goblin. The goblin barely misses you.
You tentacle-slap the goblin but do no damage.
Your grab misses the goblin. You tentacle-slap the goblin.
The goblin is heavily wounded.
The goblin barely misses you.
You tentacle-slap the goblin.
You kill the goblin!
You tentacle-slap the rat but do no damage.
You grab the rat. You constrict the rat. The rat bites you.
* * * LOW HITPOINT WARNING * * *
You take 2 damage, and have 14/31 hp.
You barely miss the rat. Your squeeze misses the rat.
The rat is severely wounded.
You constrict the rat.
You kill the rat!
You tentacle-slap the kobold but do no damage.
Your grab misses the kobold. The kobold hits you with a dagger.
* * * LOW HITPOINT WARNING * * *
You take 4 damage, and have 10/31 hp.
You tentacle-slap the kobold.
You kill the kobold!
Your Unarmed Combat skill increases to level 4!
You barely miss the hobgoblin. You grab the hobgoblin.
Your squeeze misses the hobgoblin.
You constrict the hobgoblin, but do no damage.
The hobgoblin barely misses you.
You bludgeon the hobgoblin!
You kill the hobgoblin!
You barely miss the leopard gecko. You grab the leopard gecko.
You kill the leopard gecko!
Things that are here:
a club; a dagger; a goblin corpse Key pressed, stopping explore.
You are feeling hungry.
You regained 9 hp, and now have 20/31 hp. "Let's see if it's strong enough to survive yet."
You regained 8 hp, and now have 28/31 hp.
There are monsters nearby!
There are monsters nearby!
You butcher the goblin corpse.
The ufetubus barely misses you. The ufetubus hits you.
Things that are here:
a club; a dagger; 2 chunks of flesh You take 2 damage, and have 26/31 hp.
Eat one of 2 chunks of flesh? (ye/n/q)
You eat one of the 2 chunks of flesh.
This raw flesh tastes terrible.
The ufetubus barely misses you. The ufetubus hits you. x2
The ufetubus closely misses you. The ufetubus hits you.
* * * LOW HITPOINT WARNING * * *
The ufetubus hits you.
* * * LOW HITPOINT WARNING * * *
The ufetubus closely misses you. The ufetubus hits you.
* * * LOW HITPOINT WARNING * * *
You take 19 damage, and have 7/31 hp.
MASSIVE DAMAGE!!
Press: ? - help, v - describe, . - travel
Here: an ufetubus (summoned)
The floor.
You feel agile all of a sudden. The ufetubus barely misses you.
The ufetubus hits you.
* * * LOW HITPOINT WARNING * * *
Xom is interested.
The ufetubus closely misses you. The ufetubus hits you.
You die...

**,,,,,** #.......#
******* #.......#
********,,,,,*
#.......#**,,,,,,,,*****
##.......>,,********
*### #.......#**** ###
##.§§ #.......# #.#
#..§§ #.......#### #.#
#!.§§ *#......5@.#
#.###.### ##...####5#
#.#..(# ###** #.#####
#...### #.....###.###
#####...#.##
###....######
##......#....
##..##.#÷.....
##..###.#......


You could see 2 ufetubi.

Vanquished Creatures
  2 adders (D:2)
  A worm (D:2)
  4 dart slugs
  4 leopard geckos
  A giant cockroach (D:1)
  5 goblins
  7 hobgoblins
  5 jackals (D:2)
  2 ball pythons
  7 bats
  4 frilled lizards
  8 kobolds
  7 rats
57 creatures vanquished.

Notes
Turn   | Place    | Note
-------+----------+-------------------------------------------
     0 | D:1      | Monsterracer the Octopode Chaos Knight began the quest for the Orb.
     0 | D:1      | Reached XP level 1. HP: 16/16 MP: 1/1
    96 | D:1      | HP: 8/16 [hobgoblin (4)]
   264 | D:1      | XOM: divination: detect items
   269 | D:1      | Reached XP level 2. HP: 21/21 MP: 2/2
   333 | D:1      | Reached skill level 1 in Stealth
   396 | D:1      | XOM: divination: detect creatures
   420 | D:1      | XOM: medium Hex miscast
   571 | D:1      | Reached XP level 3. HP: 26/26 MP: 3/3
   866 | D:2      | XOM: blink monster(s)
   878 | D:2      | HP: 12/26 [kobold/short sword (5)]
   982 | D:2      | XOM: give mutation
   982 | D:2      | Gained mutation: You occasionally shout uncontrollably at your foes. [Xom's mischief]
   990 | D:2      | XOM: fog
  1113 | D:2      | Found a sacrificial altar of Ru.
  1152 | D:2      | Reached XP level 4. HP: 31/31 MP: 4/4
  1389 | D:2      | XOM: scenery: create altars
  1580 | D:2      | HP: 15/31 [goblin (2)]
  1586 | D:2      | HP: 10/31 [kobold/dagger (4)]
  1587 | D:2      | Reached skill level 4 in Unarmed Combat
  1770 | D:2      | XOM: summons 2 hostile demons
  1772 | D:2      | HP: 15/31 [ufetubus[Xom] (5)]
  1772 | D:2      | HP: 7/31 [ufetubus[Xom] (5)]
  1773 | D:2      | HP: 2/31 [ufetubus[Xom] (5)]
  1773 | D:2      | Slain by an ufetubus

Skill      XL: |  1  2  3  4 |
---------------+-------------+-----
Stealth        | 1 2 |  2.3
Dodging        | 3 |  3.0
Unarmed Combat | 4 |  4.0
Fighting       | |  3.5

Action                   |  1- 3 |  4- 6 || total
-------------------------+-------+-------++-------
Melee: Unarmed           |    82 |    38 ||   120
       Constrict         |    26 |     9 ||    35
       Tentacles         |    14 |     3 ||    17
       Punch             |     1 |     1 ||     2
  Use: Scroll            |       |     8 ||     8
       Potion            |       |     1 ||     1
 Stab: Sleeping          |     5 |     1 ||     6
  Eat: Chunk             |     1 |     2 ||     3
Armor: Skin              |    12 |     4 ||    16
Dodge: Dodged            |    67 |    38 ||   105

Vault maps used:
D:1:      dpeg_arrival_triangle_fractal
D:2:      nicolae_ru_sacrificial_ziggurat, lemuel_flame_loot_1
